 Dungeon Crawl Stone Soup version 0.31-a0-986-g5e6e4ef867 (webtiles) character file.

Game seed: 9782155339976083783

14993 pokeman the Eclecticist (level 11, -13/60 HPs)
             Began as a Deep Elf Hedge Wizard on Nov 10, 2023.
             Was a High Priest of Vehumet.
             Killed from afar by an acid dragon (25 damage)
             ... with a splash of acid
             ... on level 11 of the Dungeon.
             The game lasted 00:28:43 (12532 turns).

pokeman the Eclecticist (Deep Elf Hedge Wizard)    Turns: 12532, Time: 00:28:43

Health: -13/60     AC: 17    Str:  7    XL:     11   Next: 96%
Magic:  5/32       EV: 13    Int: 24    God:    Vehumet [*****.]
Gold:   887        SH:  0    Dex: 14    Spells: 23/40 levels left

rFire   . . .        l - +2 spear (venom)
rCold   . . .        (no shield)
rNeg    . . .        K - +0 steam dragon scales
rPois   +            y - +2 hat
rElec   .            (no cloak)
rCorr   .            m - +2 pair of gloves
SInv    .            G - +1 pair of boots {Stlth+}
Will    +....        (no amulet)
Stlth   +++          h - ring of poison resistance
HPRegen 0.30/turn    r - +4 ring of protection
MPRegen 0.23/turn

%: no passive effects
@: no status effects
A: no striking features
a: Renounce Religion


You were on level 11 of the Dungeon.
You worshipped Vehumet.
Vehumet was extremely pleased with you.
You visited 2 branches of the dungeon, and saw 12 of its levels.

You collected 887 gold pieces.

Inventory:

Hand Weapons
 l - a +2 spear of venom (weapon)
 M - the +0 long sword of the Grave {freeze, rElec rN+ Str+4}
   (You found it on level 8 of the Dungeon)

   Str+4:     It affects your strength (+4).
   rElec:     It insulates you from electricity.
   rN+:       It protects you from negative energy.
 Q - a +1 dagger of pain
Missiles
 J - a throwing net
 P - 3 curare-tipped darts
Armour
 a - a +0 buckler
 m - a +2 pair of gloves (worn)
 y - a +2 hat (worn)
 G - a +1 pair of boots of stealth (worn)
 K - +0 steam dragon scales (worn)
 U - the +2 robe of Rudenir {Str+3 Dex+3 Slay+3 Stlth-}
   (You found it on level 11 of the Dungeon)

   Str+3:     It affects your strength (+3).
   Dex+3:     It affects your dexterity (+3).
   Slay+3:    It affects your accuracy & damage with ranged weapons and melee
   (+3).
   Stlth-:    It makes you less stealthy.
Magical Staves
 o - a staff of fire
Jewellery
 h - a ring of poison resistance (left hand)
 r - a +4 ring of protection (right hand)
 v - a +4 ring of slaying
 C - a +5 ring of evasion
 N - a +6 ring of intelligence
 V - the ring of Xepsaom {Ice rPois rN+ Str+8 Dex-3}
   (You found it on level 11 of the Dungeon)

   [ring of ice]

   Ice:       It enhances your ice magic.
   Str+8:     It affects your strength (+8).
   Dex-3:     It affects your dexterity (-3).
   rF-:       It makes you vulnerable to fire.
   rC+:       It protects you from cold.
   rPois:     It protects you from poison rN+: It protects you from negative
   energy.
 W - a ring of fire
 X - a ring of protection from cold
 Y - a ring of resist corrosion
Wands
 s - a wand of digging (8)
 z - a wand of acid (19)
 A - a wand of paralysis (4)
 D - a wand of flame (29)
Scrolls
 f - a scroll of silence
 g - a scroll of revelation {unknown}
 k - a scroll of fog
 p - 2 scrolls of teleportation
 t - a scroll of immolation
 E - 2 scrolls of blinking
 F - a scroll of torment
 I - a scroll of enchant weapon {unknown}
 L - a scroll of vulnerability {unknown}
 O - a scroll of brand weapon {unknown}
 R - a scroll of summoning {unknown}
 S - a scroll of fear {unknown}
Potions
 b - a potion of ambrosia {unknown}
 c - a potion of mutation {unknown}
 d - 2 potions of magic
 e - 5 potions of brilliance {unknown}
 i - 3 potions of curing {unknown}
 j - 5 potions of enlightenment {unknown}
 n - 3 potions of attraction {unknown}
 q - a potion of lignification {unknown}
 u - 3 potions of haste {unknown}
 w - 2 potions of heal wounds {unknown}
 x - 2 potions of might {unknown}
 B - a potion of resistance {unknown}
 H - a potion of degeneration {unknown}
 T - a potion of berserk rage {unknown}


   Skills:
 + Level 3.7 Fighting
 - Level 4.0 Armour
 - Level 3.0 Dodging
 - Level 3.1 Stealth
 - Level 3.0 Shields
 * Level 15.3 Spellcasting
 + Level 9.0 Conjurations
 - Level 1.1 Summonings
 - Level 1.0 Necromancy
 - Level 1.1 Translocations
 + Level 8.0 Fire Magic
 - Level 1.0 Ice Magic
 - Level 1.2 Air Magic
 + Level 8.1 Earth Magic
 - Level 1.3 Poison Magic
 - Level 1.0 Evocations


You had 23 spell levels left.
You knew the following spells:

 Your Spells              Type           Power      Damage    Failure   Level
a - Magic Dart            Conj           100%       1d8       1%          1
b - Mephitic Cloud        Conj/Pois/Air  37%        N/A       1%          3
c - Call Imp              Summ           46%        N/A       3%          2
d - Blink                 Tloc           46%        N/A       3%          2
e - Foxfire               Conj/Fire      100%       2x1d9     1%          1
f - Stone Arrow           Conj/Erth      100%       3d13      1%          3
g - Freezing Cloud        Conj/Ice/Air   18%        6-21      5%          5

Your spell library contained the following spells:

 Spells                   Type           Power      Damage    Failure   Level
 Fulminant Prism          Conj/Hex       20%        3d12      1%          4
 Sandblast                Erth           100%       2d20      1%          1
 Passwall                 Tmut/Erth      30%        N/A       1%          2
 Brom's Barrelling Bould  Conj/Erth      56%        2d7       1%          4
 Cigotuvi's Dreadful Rot  Necr/Pois/Air  48%        N/A       2%          2
 Slow                     Hex            72%        N/A       3%          1
 Ensorcelled Hibernation  Hex/Ice        40%        N/A       3%          2
 Jinxbite                 Hex            36%        N/A       4%          2
 Anguish                  Hex/Necr       10%        N/A       24%         4


Dungeon Overview and Level Annotations

Branches:
Dungeon (11/15)            Temple (1/1) D:4            Lair (0/5) D:8
    Orc (0/2) D:9

Altars:
Ashenzari
Cheibriados
Dithmenos
Elyvilon
Fedhas
Gozag
Hepliaklqana
Kikubaaqudgha
Makhleb
Nemelex Xobeh
Okawaru
Qazlal
Ru
Sif Muna
Trog
Uskayaw
Vehumet
Wu Jian
Xom
Yredelemnul
Zin
The Shining One

Shops:
D:8 (

Portals:
Trove: D:11 (give +6 demon whip)

Annotations:
D:9 3 runed translucent doors, exclusion: orange crystal statue


Message History

The troll is severely wounded.
The stinking cloud engulfs the manticore but does no damage.
The manticore is severely wounded.
You feel ready to blink again.
The foxfire hits the troll.
The troll is severely wounded.
The troll is engulfed in noxious fumes.
The troll appears confused.
The manticore is engulfed in noxious fumes.
Unknown command.
Unknown command.
Casting: Mephitic Cloud (safe; 1% risk of failure)
Confirm with . or Enter, or press ? or * to list all spells.
Aiming: Stone Arrow (safe; 1% risk of failure)
Press: ? - help, Shift-Dir - straight line The stone arrow hits the troll!
The troll is severely wounded.
You carefully extract the barbed spikes from your body.
The troll bites you but does no damage. The troll closely misses you.
The troll barely misses you.
The manticore is engulfed in noxious fumes.
The manticore appears confused.
Unknown command.
Casting: Stone Arrow (safe; 1% risk of failure)
Confirm with . or Enter, or press ? or * to list all spells.
Aiming: Stone Arrow (safe; 1% risk of failure)
Press: ? - help, Shift-Dir - straight line The stone arrow hits the troll!!
You kill the troll!
Vehumet accepts your kill.
The troll leather armour is intact enough to wear.
The manticore is engulfed in noxious fumes.
The manticore appears confused.
Your Conjurations skill increases to level 9!
The troll says, "I'm a little confused."
The manticore is engulfed in noxious fumes.
The manticore appears confused.
The troll laughs crazily.
The acid dragon spits acid at you. The splash of acid hits you!!
You die...

........'...#.######
###.....#...#.......
#.....#####..#####
#............#....
#............#....
#............#....
#.........####....
#.#####...#.......
#####@# #...#.......
##+##.....# #...####....
..........# #......#....
.........T# #......#....
.........H# #......#####
.......○D)# #.......)...
..........# #...........
#....†..#####..........[
#...))..................


You could see a manticore (confused, very poisoned), a troll (confused) and an
acid dragon (catching breath).

Vanquished Creatures
  2 centaur warriors
  A hydra (D:8)
  A two-headed ogre (D:8)
  A catoblepas (D:8)
  Pikel (D:5)
  A wolf spider (shapeshifter) (D:8)
  A manticore (D:11)
  The ghost of pokeman the Thaumaturge, a novice DEHW of Vehumet (D:7)
  An unseen horror (D:11)
  A komodo dragon (D:10)
  The ghost of Persephone the Chopper, a novice GrFi (D:4)
  A kobold demonologist (D:9)
  3 trolls (D:11)
  A hornet (D:10)
  A hornet (shapeshifter) (D:8)
  Prince Ribbit (D:5)
  A slime creature (D:8)
  A shadow (D:11)
  2 wyverns (D:7)
  A wraith (D:9)
  Sigmund (D:5)
  A vampire (D:10)
  6 yaks (D:8)
  2 steam dragons (D:8)
  Grum (D:11)
  A warg (D:7)
  4 acid dragons
  8 orc warriors
  2 ice beasts (D:5)
  2 ogres (D:4)
  2 black bears
  8 centaurs
  3 wolves (D:11)
  A phantom (D:5)
  8 kobold brigands
  4 bullfrogs
  6 scorpions
  3 gnoll sergeants
  5 wights (D:9)
  8 killer bees
  A howler monkey (D:11)
  3 hounds
  A jelly (D:7)
  5 orc priests
  Ijyb (D:5)
  2 gnoll boudas
  4 sleepcaps
  3 iguanas
  13 orc wizards
  12 gnolls
  11 adders
  4 shadow imps
  A white imp (D:6)
  2 ufetubi (D:7)
  3 dart slugs
  45 orcs
  4 bats
  14 endoplasms
  3 giant cockroaches
  8 goblins
  9 hobgoblins
  6 jackals
  30 kobolds
  4 quokkas
  8 ball pythons
  7 frilled lizards
  8 rats
  A foxfire (D:11)
313 creatures vanquished.

Vanquished Creatures (others)
  An orc (D:8)
  616 foxfires
617 creatures vanquished.

Grand Total: 930 creatures vanquished

Notes
Turn   | Place    | Note
-------+----------+-------------------------------------------
     0 | D:1      | pokeman the Deep Elf Hedge Wizard began the quest for the
                  | Orb.
     0 | D:1      | Reached XP level 1. HP: 10/10 MP: 7/7
   239 | D:1      | Reached XP level 2. HP: 16/16 MP: 5/9
   626 | D:1      | Reached skill level 5 in Spellcasting
  1056 | D:1      | Reached XP level 3. HP: 20/20 MP: 9/11
  1060 | D:1      | Learned a level 3 spell: Mephitic Cloud
  1063 | D:1      | Learned a level 2 spell: Call Imp
  1066 | D:1      | Learned a level 2 spell: Blink
  1874 | D:2      | Reached skill level 1 in Fighting
  1930 | D:2      | Reached skill level 1 in Armour
  1978 | D:2      | Learned a level 3 spell: Stone Arrow
  2278 | D:2      | Reached XP level 4. HP: 25/25 MP: 10/13
  2848 | D:3      | Reached skill level 6 in Spellcasting
  2915 | D:3      | Found an ornate altar of the Wu Jian Council.
  2916 | D:3      | Found a sparkling altar of Nemelex Xobeh.
  2943 | D:3      | Reached XP level 5. HP: 29/29 MP: 10/15
  3657 | D:3      | Reached skill level 1 in Shields
  3899 | D:4      | Found a staircase to the Ecumenical Temple.
  3909 | Temple   | Entered the Ecumenical Temple
  3938 | Temple   | Became a worshipper of Vehumet
  3979 | D:4      | Reached skill level 1 in Evocations
  3980 | D:4      | Reached XP level 6. HP: 34/34 MP: 9/17
  4127 | D:4      | You fall into a shaft and drop 3 floors!
  4135 | D:7      | Noticed a wyvern
  4142 | D:7      | Reached skill level 7 in Spellcasting
  4149 | D:7      | Killed a wyvern
  4150 | D:7      | Reached skill level 1 in Fire Magic
  4150 | D:7      | Reached skill level 1 in Air Magic
  4150 | D:7      | Reached skill level 1 in Earth Magic
  4150 | D:7      | Reached skill level 1 in Poison Magic
  4150 | D:7      | Reached XP level 7. HP: 31/38 MP: 13/19
  4428 | D:7      | Noticed a wyvern
  4434 | D:7      | Killed a wyvern
  4435 | D:7      | Reached skill level 8 in Spellcasting
  4590 | D:7      | Reached * piety under Vehumet
  4590 | D:7      | Offered knowledge of Foxfire by Vehumet.
  4596 | D:7      | Learned a level 1 spell: Foxfire
  4608 | D:7      | Reached XP level 8. HP: 38/44 MP: 6/22
  4916 | D:5      | Entered Level 5 of the Dungeon
  4916 | D:5      | Noticed Pikel
  4920 | D:5      | Killed Pikel
  4921 | D:5      | Reached skill level 9 in Spellcasting
  4921 | D:5      | Reached skill level 5 in Conjurations
  5023 | D:5      | Reached skill level 10 in Spellcasting
  5183 | D:4      | Offered knowledge of Freeze by Vehumet.
  5219 | D:4      | Found a runed translucent gate.
  5219 | D:4      | Found a runed translucent gate.
  5221 | D:4      | Found a runed translucent gate.
  5222 | D:4      | Noticed Persephone's ghost (novice GrFi)
  5234 | D:4      | Reached ** piety under Vehumet
  5674 | D:4      | Reached XP level 9. HP: 48/48 MP: 21/25
  5694 | D:4      | Killed Persephone's ghost
  5996 | D:5      | Noticed Sigmund
  6006 | D:5      | Killed Sigmund
  6007 | D:5      | Reached skill level 11 in Spellcasting
  6088 | D:5      | Noticed Ijyb
  6097 | D:5      | Killed Ijyb
  6119 | D:5      | Noticed Prince Ribbit
  6123 | D:5      | Killed Prince Ribbit
  6124 | D:5      | Reached skill level 5 in Fire Magic
  6124 | D:5      | Reached skill level 5 in Earth Magic
  6312 | D:5      | Offered knowledge of Hailstorm by Vehumet.
  6359 | D:5      | Found a white marble altar of Elyvilon.
  6753 | D:6      | Found a shimmering blue altar of Sif Muna.
  7072 | D:7      | Found a runed translucent gate.
  7073 | D:7      | Found a runed translucent gate.
  7073 | D:7      | Noticed pokeman's ghost (novice DEHW)
  7074 | D:7      | Found a runed translucent gate.
  7077 | D:7      | Identified the +0 chain mail of Space {rF+ Int+3 Dex+2}
  7735 | D:7      | Killed pokeman's ghost
  7735 | D:7      | Reached *** piety under Vehumet
  7736 | D:7      | Reached skill level 12 in Spellcasting
  7736 | D:7      | Reached XP level 10. HP: 50/53 MP: 17/28
  8050 | D:8      | Found a staircase to the Lair.
  8102 | D:8      | Offered knowledge of Sticky Flame by Vehumet.
  8224 | D:8      | Found Eluirr's Weapon Boutique.
  8698 | D:8      | Reached skill level 13 in Spellcasting
  8721 | D:8      | Noticed a two-headed ogre
  8735 | D:8      | Killed a two-headed ogre
  8897 | D:8      | Reached **** piety under Vehumet
  8903 | D:8      | Noticed a four-headed hydra
  8973 | D:8      | Noticed a catoblepas
  8999 | D:8      | Noticed a centaur warrior
  9003 | D:8      | Killed a centaur warrior
  9004 | D:8      | Reached XP level 11. HP: 28/57 MP: 7/30
  9330 | D:8      | Noticed a wolf spider
  9335 | D:8      | Killed a wolf spider
  9447 | D:8      | Killed a four-headed hydra
  9448 | D:8      | Reached skill level 14 in Spellcasting
  9548 | D:8      | Killed a catoblepas
  9666 | D:8      | Identified the +0 long sword of the Grave {freeze, rElec
                  | rN+ Str+4}
  9715 | D:9      | Found a runed translucent door.
  9733 | D:9      | Found a runed translucent door.
  9747 | D:9      | Found a runed translucent door.
  9762 | D:9      | Found a runed translucent door.
  9800 | D:9      | Offered knowledge of Freezing Cloud by Vehumet.
  9814 | D:9      | Learned a level 5 spell: Freezing Cloud
  9896 | D:9      | Found a staircase to the Orcish Mines.
 10124 | D:9      | Noticed a soul eater
 10160 | D:9      | Reached skill level 1 in Ice Magic
 10376 | D:9      | Found a shadowy altar of Dithmenos.
 10719 | D:9      | Noticed an orange crystal statue
 10863 | D:10     | Entered Level 10 of the Dungeon
 11091 | D:10     | Found a snail-covered altar of Cheibriados.
 11257 | D:10     | Reached skill level 1 in Necromancy
 11620 | D:10     | Reached ***** piety under Vehumet
 11718 | D:10     | Offered knowledge of Fulminant Prism by Vehumet.
 12062 | D:11     | Identified the +2 robe of Rudenir {Str+3 Dex+3 Slay+3
                  | Stlth-}
 12079 | D:11     | Identified the ring of Xepsaom {Ice rPois rN+ Str+8 Dex-3}
 12090 | D:11     | Noticed Grum
 12105 | D:11     | Killed Grum
 12107 | D:11     | Found a portal to a secret trove of treasure.
 12174 | D:11     | Noticed a centaur warrior
 12181 | D:11     | Killed a centaur warrior
 12182 | D:11     | Reached skill level 15 in Spellcasting
 12532 | D:11     | Killed from afar by an acid dragon

Illustrated notes

Levels and vault maps discovered:
D:1:      elethiomel_arrival_infinity_welcomes_careful_drivers,
          layout_loops_ring
D:2:      layout_loops_cross, kennysheep_generic_room_6
D:3:      layout_basic, gammafunk_temple_overflow_statue
D:4:      layout_loops_cross, minmay_temple_entry_ruins, gammafunk_ghost_split
D:5:      layout_basic, elyvilon_altar_5, mrwooster_statue_mirror,
          hangedman_decor_diamond_cutter, chequers_serial_rivers_small_a,
          uniq_sigmund, uniq_prince_ribbit1, uniq_pikel, uniq_ijyb
D:6:      layout_rooms, old_standard_altar
D:7:      layout_cave_pods, biasface_ghost_orc_armoury
D:8:      minmay_quarter_circles, layout_basic, serial_shops, nicolae_shop_trees
D:9:      layout_cave_pods, grunt_dithmenos_smoke_and_mirrors, orc_0_dummy,
          minmay_statue_crystal_thing
D:10:     layout_grid_maze, nicolae_overflow_crystal_walls, grunt_ministairs_15,
          minmay_tree_intersection
D:11:     layout_irregular_city, nicolae_trove_entry_crystal,
          minmay_fractal_squares_diagonal_5, uniq_harold, uniq_grum
Temple:   kb_temple_of_zot

Skill      XL: |  1  2  3  4  5  6  7  8  9 10 11 |
---------------+----------------------------------+-----
Spellcasting   | 5 6 7 8 10 12 13 15 | 15.3
Fighting       | 1 2 3 |  3.7
Armour         | 1 2 3 4 |  4.0
Conjurations   | 2 3 4 5 6 7 9 |  9.0
Dodging        | 3 |  3.0
Shields        | 1 3 |  3.0
Stealth        | 3 |  3.1
Evocations     | 1 |  1.0
Fire Magic     | 1 2 4 5 6 8 |  8.0
Air Magic      | 1 |  1.2
Earth Magic    | 1 2 4 5 6 8 |  8.1
Poison Magic   | 1 |  1.3
Ice Magic      | 1 |  1.0
Necromancy     | 1 |  1.0
Summonings     | |  1.1
Translocations | |  1.1

Action                     |  1- 3 |  4- 6 |  7- 9 | 10-12 || total
---------------------------+-------+-------+-------+-------++-------
  Melee: Spear             |    10 |    29 |    57 |   109 ||   205
         Dagger            |     1 |       |       |       ||     1
         Punch             |       |       |       |     1 ||     1
   Cast: Magic Dart        |   114 |   100 |    20 |       ||   234
         Mephitic Cloud    |       |     5 |    18 |    29 ||    52
         Stone Arrow       |       |       |    30 |   105 ||   135
         Foxfire           |       |       |   147 |   190 ||   337
         Call Imp          |       |       |     2 |       ||     2
         Blink             |       |       |     1 |     4 ||     5
  Evoke: Wand              |       |       |       |     6 ||     6
    Use: Scroll            |       |       |       |     6 ||     6
   Stab: Sleeping          |     1 |       |     1 |       ||     2
         Confused          |       |     4 |     5 |     4 ||    13
         Distracted        |       |     1 |       |       ||     1
 Armour: Robe              |     8 |    19 |    38 |    17 ||    82
         Steam dragon scal |       |       |       |   117 ||   117
  Dodge: Dodged            |     6 |    24 |    57 |    97 ||   184

Table legend: (Time is in decaauts)
 A = Elapsed time spent in this place.
 B = Non-inter-level travel time spent in this place.
 C = Inter-level travel time spent in this place.
 D = Time resting spent in this place.
 E = Time spent auto-exploring this place.
 F = Levels seen in this place.
 G = Mean time per level.
                   A        B        C        D        E       F      G
               +--------+--------+--------+--------+--------+-----+--------+
         Total |  12553 |  12153 |    400 |    591 |   9608 |  12 | 1046.1 |
       Dungeon |  12494 |  12150 |    344 |    591 |   9608 |  11 | 1135.8 |
        Temple |     58 |      2 |     56 |      0 |      0 |   1 |   58.0 |
               +--------+--------+--------+--------+--------+-----+--------+

Top non-repeatable levels by time:
     D:8: 1703 daAuts
     D:7: 1563 daAuts
     D:1: 1468 daAuts
     D:2: 1298 daAuts
     D:9: 1167 daAuts
    D:10: 1034 daAuts
     D:4: 1003 daAuts
     D:3: 984 daAuts
     D:5: 882 daAuts
     D:6: 750 daAuts
    D:11: 636 daAuts
  Temple: 58 daAuts
